 Dungeon Crawl Stone Soup version 0.25.1-2-g60ff931df9 (webtiles) character file.

Game seed: 10235566094324265056

482 raphaelitos the Shield-Bearer (level 7, 0/55 HPs)
             Began as a Formicid Fighter on Nov 26, 2020.
             Slain by an orc
             ... wielding a +0 trident
              (3 damage)
             ... on level 3 of the Dungeon.
             The game lasted 00:04:25 (2000 turns).

raphaelitos the Shield-Bearer (Formicid Fighter)    Turns: 2000, Time: 00:04:25

Health: 0/55       AC:  9    Str: 23    XL:     7   Next: 34%
Magic:  7/7        EV:  7    Int:  7    God:
Gold:   160        SH: 10    Dex: 10    Spells: 6/6 levels left

rFire    . . .     SeeInvis +   j - +0 scythe
rCold    . . .     Gourm    .   c - +0 kite shield
rNeg     . . .     Faith    .   k - +0 chain mail
rPois    .         Spirit   .   (helmet unavailable)
rElec    .         Reflect  .   (no cloak)
rCorr    .         Harm     .   (no gloves)
MR       .....                  (no boots)
Stlth    ..........             (no amulet)
HPRegen  0.18/turn              (no ring)
MPRegen  0.10/turn              (no ring)

@: no status effects
A: permanent stasis, dig shafts and tunnels, four strong arms, antennae 3
a: Dig, Shaft Self


You were on level 3 of the Dungeon.
You were not hungry.

You visited 1 branch of the dungeon, and saw 3 of its levels.

You collected 160 gold pieces.

Inventory:

Hand Weapons
 a - a +0 quarterstaff
 j - a +0 scythe (weapon)
Missiles
 e - 36 sling bullets
 g - 30 bolts
 m - 49 arrows
Armour
 b - a +0 scale mail
 c - a +0 kite shield (worn)
 k - a +0 chain mail (worn)
Jewellery
 l - an uncursed ring of see invisible {unknown}
Scrolls
 n - a scroll of identify {unknown}
Potions
 d - a potion of might
 i - a potion of curing
Comestibles
 f - 3 rations
 h - 9 chunks of flesh


   Skills:
 + Level 4.4 Fighting
 + Level 2.2(3.7) Polearms
 + Level 4.5(4.8) Staves
 + Level 4.3 Armour
 + Level 0.6 Dodging
 + Level 0.6 Stealth
 + Level 5.5 Shields


You had 6 spell levels left.
You didn't know any spells.
Your spell library was empty.

Dungeon Overview and Level Annotations

Branches:
Dungeon (3/15)

Altars:
Uskayaw


Innate Abilities, Weirdness & Mutations

You cannot be hasted, slowed, berserked, paralysed or teleported.
You can dig through walls and to a lower floor.
Your four strong arms can wield two-handed weapons with a shield.
You have a pair of large antennae on your head. (SInv)


Message History

Your shield and chain mail prevent you from hitting the orc.
The orc hits you from afar with a +0 trident.
* * * LOW HITPOINT WARNING * * *
The orc barely misses you.
Attack whom?
Press: ? - help, Dir - move target cursor, f/p - orc
Aim: an orc, wielding a +0 trident and wearing a +0 leather armour You reach to attack!
You closely miss the orc. The orc hits you but does no damage.
Attack whom?
Press: ? - help, Dir - move target cursor, f/p - orc
Aim: an orc, wielding a +0 trident and wearing a +0 leather armour You reach to attack!
You barely miss the orc. You block the orc's attack.
The orc hits you but does no damage.
Attack whom?
Press: ? - help, Dir - move target cursor, f/p - orc
Aim: an orc, wielding a +0 trident and wearing a +0 leather armour You reach to attack!
You closely miss the orc.
The orc hits you from afar with a +0 trident.
You die...

#..............#
#.##.#####.....#
# #.# ##......#
#.##.####
#......#
#.......#
#.#...##
####.##.###.##.##
#........# .#
####.##### # #@#
#)# #o#
#...........
#.>.#.##.....
......... ....
.###. #.# ... #.
..# .. # ... .


You could see an orc.

Vanquished Creatures
  Sigmund (D:3)
  An orc warrior (D:3)
  A hound (D:3)
  3 orc wizards (D:3)
  3 adders (D:2)
  3 oozes
  2 worms (D:2)
  2 dart slugs
  4 leopard geckos (D:2)
  An orc (D:3)
  A ball python (D:3)
  5 giant cockroaches
  7 goblins
  8 hobgoblins
  3 jackals (D:1)
  2 quokkas (D:2)
  4 bats
  6 frilled lizards
  12 kobolds
  7 rats
76 creatures vanquished.

Notes
Turn   | Place    | Note
-------+----------+-------------------------------------------
     0 | D:1      | raphaelitos the Formicid Fighter began the quest for the
                  | Orb.
     0 | D:1      | Reached XP level 1. HP: 18/18 MP: 1/1
    54 | D:1      | Reached XP level 2. HP: 24/24 MP: 2/2
   146 | D:1      | Reached skill level 4 in Shields
   277 | D:1      | Reached XP level 3. HP: 28/29 MP: 3/3
   816 | D:2      | Reached XP level 4. HP: 32/37 MP: 4/4
  1177 | D:2      | Reached XP level 5. HP: 42/42 MP: 5/5
  1442 | D:3      | Noticed Sigmund
  1454 | D:3      | Killed Sigmund
  1454 | D:3      | Reached skill level 5 in Shields
  1454 | D:3      | Reached XP level 6. HP: 35/48 MP: 6/6
  1593 | D:3      | Noticed a +0 hand axe
  1594 | D:3      | Noticed a +0 hand axe
  1602 | D:3      | Found a hide-covered altar of Uskayaw.
  1959 | D:3      | Noticed an orc warrior
  1961 | D:3      | Reached skill level 1 in Polearms
  1967 | D:3      | Killed an orc warrior
  1967 | D:3      | Reached XP level 7. HP: 24/55 MP: 7/7
  1986 | D:3      | HP: 2/55 [orc wizard/+0 dagger (2)]
  1997 | D:3      | HP: 2/55 [orc/+0 trident (2)]
  2000 | D:3      | Slain by an orc

Illustrated notes

Levels and vault maps discovered:
D:1:      dpeg_arrival_arbitrary_c, layout_basic
D:2:      layout_rooms
D:3:      layout_loops_corners, dancing_weapons_uskayaw, uniq_sigmund

Skill      XL: |  1  2  3  4  5  6 |
---------------+-------------------+-----
Shields        | 4 5 |  5.5
Staves         | 3 4 |  4.5
Fighting       | 4 |  4.4
Armour         | 4 |  4.3
Polearms       | 2 |  2.2
Dodging        | |  0.6
Stealth        | |  0.6

Action                   |  1- 3 |  4- 6 |  7- 9 || total
-------------------------+-------+-------+-------++-------
Melee: Quarterstaff      |    78 |   109 |       ||   187
       Scythe            |       |    76 |    26 ||   102
  Use: Scroll            |       |     2 |       ||     2
       Potion            |       |       |     1 ||     1
  Eat: Chunk             |       |     4 |       ||     4
Armor: Scale mail        |    21 |       |       ||    21
       Chain mail        |     5 |    99 |    21 ||   125
Dodge: Dodged            |    20 |    55 |    20 ||    95
Block: Kite shield       |    42 |   104 |    26 ||   172
